AoeStats
← Dovalle95

Arena

509957860Analyzed
2v2 RM · 2d ago on Sep 28, 2026· 49m 40s· 4 players
Game mode
Random Map
Map size
Medium (4 player)
Population
200
Speed
Normal
Resources
Standard
Victory
Conquest
Starting age
Dark Age
Ending age
Imperial Age
RankedLock teamsTeams togetherTeam positionsShared explorationLock speedFull tech treeHidden civsTurbo modeCheats
Victory
Defeat
🇨🇳 Koreans · China
1097
+14
🇧🇩 Khmer · Bangladesh
1087
+14
🇦🇷 Byzantines · Argentina
1069
-15
🇨🇴 Magyars · Colombia
1018
-13
Dovalle95
5:31 Loom
7:46 Loom
11:12 Feudal Age
14:23 Double-Bit Axe
17:54 Castle Age
17:45 Scale Barding Armor
18:50 Husbandry
19:25 Bow Saw
27:45 Horse Collar
28:41 Corvinian Army
35:50 Imperial Age
34:00 Wheelbarrow
34:22 Town Watch
35:07 Chain Barding Armor
36:32 Elite Magyar Huszar
38:14 Plate Barding Armor
decarolinadelnorte
10:08 Feudal Age
16:41 Castle Age
15:13 Stone Mining
15:55 Double-Bit Axe
18:49 Fletching
25:53 Scale Barding Armor
28:43 Horse Collar
29:24 Gold Mining
30:57 Loom
33:09 Husbandry
34:47 Gold Shaft Mining
34:53 Wheelbarrow
35:32 Stone Shaft Mining
38:23 Imperial Age
36:16 Forging
37:21 Heavy Plow
37:38 Bow Saw
37:47 Hand Cart
38:20 Iron Casting
38:32 Chain Barding Armor
40:05 Chemistry
40:56 Ballistics
41:34 Plate Barding Armor
Saku007
6:22 Loom
8:57 Feudal Age
9:35 Double-Bit Axe
16:25 Fletching
22:09 Castle Age
20:55 Horse Collar
22:10 Scale Mail Armor
22:15 Gold Mining
22:51 Bodkin Arrow
22:18 Crossbowman
25:43 Bow Saw
29:20 Heavy Plow
29:57 Wheelbarrow
34:12 Imperial Age
32:02 Forging
33:53 Thumb Ring
34:06 Squires
34:23 Chain Mail Armor
35:26 Ballistics
35:34 Bracer
37:24 Chemistry
36:56 Hand Cart
38:46 Plate Mail Armor
39:14 Iron Casting
38:09 Elite Fire Lancer
39:11 Arson
40:54 Arbalester
46:50 Masonry
47:29 Scale Barding Armor
49:37 Chain Barding Armor
RFK0076
9:52 Feudal Age
11:58 Loom
15:05 Castle Age
13:31 Double-Bit Axe
18:08 Scale Barding Armor
18:56 Husbandry
19:08 Forging
28:16 Bow Saw
30:27 Horse Collar
32:40 Heavy Plow
35:22 Imperial Age
33:34 Chain Barding Armor
34:40 Iron Casting
34:50 Gold Mining
35:39 Wheelbarrow
39:35 Gold Shaft Mining
38:37 Elite Battle Elephant
40:24 Light Cavalry
41:15 Bloodlines
44:09 Chemistry
44:11 Blast Furnace
43:47 Plate Barding Armor
45:13 Pikeman
45:38 Arson
46:59 Scale Mail Armor
46:41 Halberdier
50:05 Chain Mail Armor
49:45 Heated Shot
Connection lost

Rejoining the realm…

Still unreachable

The connection could not be restored.

Session expired

The server has moved on; the page needs a fresh start.